 Dungeon Sprint DCSS version 0.28.0-53-g5a82cb258f (webtiles) character file.

Game seed: 13545203604727260198

1402 Zeld the Thaumaturge (level 8, -1/41 HPs)
             Began as a Deep Elf Conjurer on May 29, 2022.
             Was an Elder of Sif Muna.
             Killed from afar by an oklob plant (25 damage)
             ... with a splash of acid
             ... in the Dungeon (Sprint IV: "Fedhas' Mad Dash").
             The game lasted 00:03:02 (2848 turns).

Zeld the Thaumaturge (Deep Elf Conjurer)            Turns: 2848, Time: 00:03:02

Health: -1/41      AC:  3    Str:  4    XL:     8   Next: 42%
Magic:  7/28       EV: 15    Int: 26    God:    Sif Muna [****..]
Gold:   102        SH:  0    Dex: 13    Spells: 22/36 levels left

rFire   . . .      SeeInvis .   (no weapon)
rCold   . . .      Faith    .   (no shield)
rNeg    . . .      Spirit   .   a - +0 robe
rPois   .          Reflect  .   m - +0 helmet
rElec   .          Harm     .   (no cloak)
rCorr   .          Rampage  .   (no gloves)
Will    .....      NoTele   +   (no boots)
Stlth   ++++......              i - amulet of invisibility {+Inv}
HPRegen 0.13/turn               (no ring)
MPRegen 0.21/turn               (no ring)

@: very slightly contaminated
A: no striking features
a: Renounce Religion, Evoke Invisibility, Channel Magic, Forget Spell, Divine
Exegesis


You were in the Dungeon.
You worshipped Sif Muna.
Sif Muna was greatly pleased with you.
You visited 1 branch You collected 102 gold pieces.

Inventory:

Armour
 a - a +0 robe (worn)
 m - a +0 helmet (worn)
Jewellery
 i - the amulet of invisibility (around neck) {+Inv}
   (You found it in the Dungeon)

   [amulet of nothing]

   +Inv:      It lets you turn invisible.
Wands
 k - a wand of mindburst (20)
 l - a wand of polymorph (9)
Scrolls
 g - a scroll of blinking
 j - a scroll of identify {unknown}
Potions
 b - a potion of curing
 c - a potion of heal wounds
 d - a potion of haste
 e - 2 potions of magic
 f - a potion of berserk rage
 h - a potion of lignification {unknown}


   Skills:
 - Level 8.0 Dodging
 - Level 8.0 Stealth
 * Level 14.9 Spellcasting
 * Level 13.1 Conjurations
 - Level 2.0 Hexes
 - Level 2.0 Translocations
 + Level 2.5 Invocations
 + Level 2.6 Evocations


You had 22 spell levels left.
You knew the following spells:

 Your Spells              Type           Power      Damage    Failure   Level
a - Magic Dart            Conj           100%       1d8       0%          1
b - Searing Ray           Conj           100%       2d8       1%          2
c - Fulminant Prism       Conj/Hex       28%        3d14      1%          4
d - Iskenderun's Mystic   Conj/Tloc      56%        2d12      1%          4
z - Dazzling Flash        Conj/Hex       100%       N/A       1%          3

Your spell library contained the following spells:

 Spells                   Type           Power      Damage    Failure   Level
 Gell's Gravitas          Tloc           29%        N/A       3%          3
 Lesser Beckoning         Tloc           29%        N/A       3%          3
 Teleport Other           Tloc           29%        N/A       3%          3


Dungeon Overview and Level Annotations

Branches:
Dungeon (1/1)

Altars:
Cheibriados
Dithmenos
Elyvilon
Gozag
Hepliaklqana
Kikubaaqudgha
Makhleb
Nemelex Xobeh
Okawaru
Qazlal
Ru
Sif Muna
Trog
Uskayaw
Vehumet
Wu Jian
Xom
Yredelemnul
Zin
The Shining One
Beogh
Jiyva
Lugonu

Shops:
D ?=?=

Annotations:
D exclusion: oklob plant


Message History

The searing ray hits the oklob plant.
The oklob plant is moderately damaged.
The searing ray hits the oklob plant!
The oklob plant is heavily damaged.
The searing ray hits the oklob plant.
The oklob plant is heavily damaged.
You finish channelling your searing ray.
You flicker back into view.
Casting: Searing Ray (safe; 1% risk of failure)
Confirm with . or Enter, or press ? or * to list all spells.
Aiming: Searing Ray (safe; 1% risk of failure)
Press: ? - help, Shift-Dir - straight line, f/p - oklob plant
Aim: an oklob plant (heavily damaged, 100% to hit)
The searing ray hits the oklob plant.
The oklob plant is severely damaged. (Press . to maintain the ray.) Unknown command.
The searing ray hits the oklob plant but does no damage.
The oklob plant is severely damaged.
The searing ray hits the oklob plant!
The oklob plant is almost destroyed.
The searing ray hits the oklob plant but does no damage.
The oklob plant is almost destroyed.
You finish channelling your searing ray.
Casting: Searing Ray (safe; 1% risk of failure)
Confirm with . or Enter, or press ? or * to list all spells.
Aiming: Searing Ray (safe; 1% risk of failure)
Press: ? - help, Shift-Dir - straight line, f/p - oklob plant
Aim: an oklob plant (almost destroyed, 100% to hit)
The searing ray hits the oklob plant.
The oklob plant is almost destroyed. (Press . to maintain the ray.)
The oklob plant spits acid at you. The splash of acid hits you!
The searing ray hits the oklob plant.
The oklob plant is almost destroyed.
The oklob plant spits acid at you. The splash of acid hits you!!
Ouch! That really hurt!
You die...

###################
#<..P#.....#.....#.
#PP..'.....'.#(..'.
#PPPP#.....#.#...#.
###############'##.
#...♣........'...#.
#......♣.....#...##
#.@...♣..♣..######
##'####+##### $.#
#P?# ####


You could see an oklob plant.

Vanquished Creatures
  A burning bush (D)
  2 wandering mushrooms (D)
  A queen bee (D)
  3 scorpions (D)
  4 killer bees (D)
  4 oklob saplings (D)
  2 spriggans (D)
  A river rat (D)
  A rat (D)
19 creatures vanquished.

Vanquished Creatures (others)
  3 fulminant prisms (D)
3 creatures vanquished.

Grand Total: 22 creatures vanquished

Notes
Turn   | Place    | Note
-------+----------+-------------------------------------------
     0 | D        | Zeld the Deep Elf Conjurer began the quest for the Orb.
     0 | D        | Reached XP level 1. HP: 10/10 MP: 6/6
    16 | D        | Reached skill level 4 in Spellcasting
    16 | D        | Reached skill level 5 in Conjurations
    16 | D        | Reached XP level 2. HP: 11/15 MP: 0/9
   206 | D        | Learned a level 2 spell: Searing Ray
   209 | D        | Noticed an oklob sapling
   209 | D        | Noticed a scorpion
   220 | D        | Killed a scorpion
   221 | D        | Reached skill level 7 in Spellcasting
   221 | D        | Reached XP level 3. HP: 19/19 MP: 1/14
   221 | D        | Reached XP level 4. HP: 24/24 MP: 1/15
   225 | D        | Learned a level 3 spell: Dazzling Flash
   230 | D        | Learned a level 4 spell: Fulminant Prism
   235 | D        | Learned a level 4 spell: Iskenderun's Mystic Blast
   425 | D        | HP: 1/24 [oklob sapling/splash of acid (23)]
   717 | D        | Reached skill level 8 in Spellcasting
   717 | D        | Reached skill level 1 in Hexes
   717 | D        | Reached skill level 1 in Translocations
   790 | D        | Found the amulet of invisibility {+Inv}
  1096 | D        | Found an opulent altar of Gozag.
  1096 | D        | Found a hazy altar of Hepliaklqana.
  1096 | D        | Found a burning altar of Makhleb.
  1096 | D        | Found a sparkling altar of Nemelex Xobeh.
  1096 | D        | Found a snail-covered altar of Cheibriados.
  1096 | D        | Found a sacrificial altar of Ru.
  1096 | D        | Found a shimmering blue altar of Sif Muna.
  1096 | D        | Found a shimmering altar of Xom.
  1096 | D        | Found a basalt altar of Yredelemnul.
  1097 | D        | Found a viscous altar of Jiyva.
  1097 | D        | Found a bloodstained altar of Trog.
  1097 | D        | Found an ornate altar of the Wu Jian Council.
  1098 | D        | Found an iron altar of Okawaru.
  1098 | D        | Found a shadowy altar of Dithmenos.
  1098 | D        | Found a glowing silver altar of Zin.
  1099 | D        | Found an ancient bone altar of Kikubaaqudgha.
  1099 | D        | Found a hide-covered altar of Uskayaw.
  1100 | D        | Found a stormy altar of Qazlal.
  1100 | D        | Found a white marble altar of Elyvilon.
  1100 | D        | Found a glowing golden altar of the Shining One.
  1101 | D        | Found a radiant altar of Vehumet.
  1101 | D        | Found a corrupted altar of Lugonu.
  1103 | D        | Became a worshipper of Sif Muna the Loreminder
  1238 | D        | Reached skill level 9 in Spellcasting
  1314 | D        | Reached XP level 5. HP: 28/28 MP: 8/19
  1492 | D        | Reached * piety under Sif Muna
  1493 | D        | Reached skill level 10 in Spellcasting
  1538 | D        | Reached skill level 5 in Stealth
  1538 | D        | Reached XP level 6. HP: 32/32 MP: 1/21
  1538 | D        | Reached ** piety under Sif Muna
  1539 | D        | Reached skill level 11 in Spellcasting
  1539 | D        | Reached skill level 10 in Conjurations
  1662 | D        | Found Fenooch's Jewellery Shop.
  1662 | D        | Found Zouk's Magic Scroll Emporium.
  1869 | D        | Noticed a burning bush
  1869 | D        | Noticed a wandering mushroom
  1872 | D        | Noticed a wandering mushroom
  1877 | D        | Reached skill level 5 in Dodging
  1879 | D        | Killed a wandering mushroom
  1879 | D        | Killed a wandering mushroom
  1880 | D        | Reached skill level 13 in Spellcasting
  1880 | D        | Reached XP level 7. HP: 36/36 MP: 5/26
  1880 | D        | Killed a burning bush
  1880 | D        | Reached *** piety under Sif Muna
  1881 | D        | Reached skill level 14 in Spellcasting
  1881 | D        | Reached XP level 8. HP: 41/41 MP: 4/28
  2502 | D        | Found Qotao's Jewellery Emporium.
  2502 | D        | Found Seupponol's Magic Scroll Shoppe.
  2560 | D        | Noticed a queen bee
  2568 | D        | Reached skill level 1 in Invocations
  2568 | D        | Reached skill level 1 in Evocations
  2574 | D        | Killed a queen bee
  2574 | D        | Reached **** piety under Sif Muna
  2698 | D        | Noticed an oklob plant
  2848 | D        | Killed from afar by an oklob plant

Illustrated notes

Levels and vault maps discovered:
D:        dungeon_sprint_fedhas [sprint_temple]

Skill      XL: |  1  2  3  4  5  6  7  8 |
---------------+-------------------------+-----
Spellcasting   | 4 7 9 10 13 14 | 14.9
Conjurations   | 5 7 8 9 12 13 | 13.1
Hexes          | 2 |  2.0
Translocations | 2 |  2.0
Dodging        | 3 4 7 8 |  8.0
Stealth        | 3 5 7 8 |  8.0
Invocations    | 2 |  2.5
Evocations     | 2 |  2.6

Action                   |  1- 3 |  4- 6 |  7- 9 || total
-------------------------+-------+-------+-------++-------
Melee: Unarmed           |    10 |       |       ||    10
 Cast: Magic Dart        |     7 |     4 |       ||    11
       Searing Ray       |     3 |     8 |     9 ||    20
       Iskenderun's Myst |       |     3 |     5 ||     8
       Dazzling Flash    |       |     1 |       ||     1
       Fulminant Prism   |       |     3 |       ||     3
 Abil: Evoke Invisibilit |       |     5 |     1 ||     6
Armor: Robe              |     2 |       |       ||     2
Dodge: Dodged            |    10 |       |       ||    10
